 Dungeon Crawl Stone Soup version 0.29-a0-214-g17f627cfee (webtiles) character file.

Game seed: 16486317891210702908

91 Strat the Ruffian (level 4, -5/18 HPs)
             Began as a Vine Stalker Chaos Knight on Feb 24, 2022.
             Was a Plaything of Xom.
             Killed by an exploding bat (23 damage)
             ... ignited by their inner flame
             ... on level 3 of the Dungeon.
             The game lasted 00:04:45 (2817 turns).

Strat the Ruffian (Vine Stalker Chaos Knight)       Turns: 2817, Time: 00:04:46

Health: -5/18      AC:  6    Str: 17    XL:     4   Next: 59%
Magic:  0/5        EV: 15    Int: 12    God:    Xom [.*....]
Gold:   240        SH:  0    Dex: 13    Spells: 3/3 levels left

rFire   . . .      SeeInvis .   b - +1 hunting sling (vorpal)
rCold   . . .      Faith    .   (no shield)
rNeg    . . .      Spirit   +   a - +2 leather armour
rPois   .          Reflect  .   (no helmet)
rElec   .          Harm     .   q - +0 cloak
rCorr   .          Rampage  .   (no gloves)
Will    .....                   (no boots)
Stlth   +.........              (no amulet)
HPRegen 0.86/turn               n - +4 ring of evasion
MPRegen 0.09/turn               (no ring)

@: no status effects
A: fangs 2, regeneration 1, magic shield, antimagic bite, no potion heal 2,
frail 2
a: Renounce Religion


You were on level 3 of the Dungeon.
You worshipped Xom.
You were a plaything of Xom.
You visited 1 branch of the dungeon, and saw 3 of its levels.

You collected 240 gold pieces.

Inventory:

Hand Weapons
 b - a +1 vorpal hunting sling (weapon)
Missiles
 j - 4 silver javelins
Armour
 a - a +2 leather armour (worn)
 p - an orb of energy
 q - a +0 cloak (worn)
Jewellery
 n - a +4 ring of evasion (left hand)
Scrolls
 c - a scroll of blinking
 e - a scroll of amnesia {unknown}
 g - a scroll of teleportation
 k - 2 scrolls of noise
Potions
 d - a potion of ambrosia
 h - 2 potions of degeneration {unknown}
 i - a potion of cancellation {unknown}
 o - a potion of berserk rage {unknown}


   Skills:
 - Level 2.6 Fighting
 - Level 1.5 Armour
 - Level 0.7 Dodging
 + Level 5.2 Unarmed Combat


You had 3 spell levels left.
You didn't know any spells.
Your spell library contained the following spells:

 Spells                   Type           Power      Damage    Failure   Level
 Apportation              Tloc           0%         N/A       36%         1
 Alistair's Intoxication  Tmut/Pois      0%         N/A       100%        5


Dungeon Overview and Level Annotations

Branches:
Dungeon (3/15)

Altars:

Annotations:
D:3 3 runed translucent doors, spaghetti's ghost, amateur DsHu


Innate Abilities, Weirdness & Mutations

You have extremely sharp teeth.
Your natural rate of healing is unusually fast.
When hurt, damage is shared between your health and your magic reserves.
Your bite disrupts and absorbs the magic of your enemies.
Potions cannot restore your health.
You are very frail. (-20% HP)


Message History

You assume a fearsome visage.
Nothing appears to happen.
It was a scroll of fear.
As you read the scroll labelled TYNACW EFUFIJO, it crumbles to dust.
You feel strangely unstable.
It was a scroll of teleportation.
As you read the scroll labelled ICIEMI GOTA, it crumbles to dust.
You hear a loud clanging noise!
It was a scroll of noise.
You hear an angry hiss. x2
As you read the scroll labelled FOPTOTHREVAJ, it crumbles to dust.
It is a scroll of identify.
d - a potion of ambrosia Your surroundings suddenly seem different.
A bat comes into view.
Found a scroll labelled XUNAEREFOE and a hunting sling.
As you read the scroll labelled VEMETW HIYCIUTER, it crumbles to dust.
The creatures around you are filled with an inner flame!
It was a scroll of immolation.
e - a scroll labelled XUNAEREFOE The bat barely misses you.
The bat barely misses you. The bat closely misses you.
The bat hits you but does no damage. The bat closely misses you.
The bat hits you but does no damage. The bat barely misses you.
The bat misses you. The bat completely misses you. The bat closely misses you.
The bat completely misses you. The bat hits you. The bat closely misses you.
The bat barely misses you. The bat hits you but does no damage.
The bat hits you but does no damage.
You shoot a sling bullet.
The sling bullet closely misses the bat.
The bat barely misses you.
You shoot a sling bullet. The sling bullet hits the bat.
The bat explodes!
The fiery explosion engulfs you!!
Ouch! That really hurt!
You die...
Xom bursts into laughter!

#### ..# )###################
#.#
..............ยงยง@..###.#####
##################.........#####
##............# #.##.#.....#.#
#. #.........# .. ###...(...#
### ##...#..# ##.##..# .#
#.##..##


There were no monsters in sight!

Vanquished Creatures
  4 adders (D:2)
  A worm (D:2)
  2 dart slugs
  5 ball pythons
  2 endoplasms
  A giant cockroach (D:1)
  6 goblins
  7 hobgoblins
  4 quokkas
  5 bats
  A frilled lizard (D:2)
  5 kobolds
  6 rats
49 creatures vanquished.

Notes
Turn   | Place    | Note
-------+----------+-------------------------------------------
     0 | D:1      | Strat the Vine Stalker Chaos Knight began the quest for the
                  | Orb.
     0 | D:1      | Reached XP level 1. HP: 11/11 MP: 2/2
    64 | D:1      | XOM: potion effect (haste)
   276 | D:1      | Reached XP level 2. HP: 16/16 MP: 3/3
   581 | D:1      | XOM: divination: detect creatures
   584 | D:1      | XOM: silly message
   664 | D:1      | XOM: god gift: robe {god gift}
   775 | D:1      | XOM: give mutations
   775 | D:1      | Gained mutation: You are frail. (-10% HP) [Xom's mischief]
   775 | D:1      | Gained mutation: Armour fits poorly on your strangely
                  | shaped body. [Xom's mischief]
   775 | D:1      | Gained mutation: You are very frail. (-20% HP) [Xom's
                  | mischief]
   775 | D:1      | Lost mutation: Armour fits poorly on your strangely shaped
                  | body. [Xom's mischief]
   795 | D:1      | Reached skill level 4 in Unarmed Combat
  1044 | D:2      | Reached XP level 3. HP: 15/15 MP: 4/4
  1230 | D:2      | XOM: noise
  1635 | D:2      | XOM: summons 1 hostile demon
  1969 | D:2      | Gained mutation: Your natural rate of healing is unusually
                  | fast. [Vine Stalker growth]
  1969 | D:2      | Reached XP level 4. HP: 18/18 MP: 5/5
  2202 | D:2      | XOM: divination: detect creatures
  2263 | D:2      | Reached skill level 5 in Unarmed Combat
  2525 | D:3      | Found a runed translucent gate.
  2525 | D:3      | Found a runed translucent gate.
  2525 | D:3      | Found a runed translucent gate.
  2526 | D:3      | Noticed spaghetti's ghost (amateur DsHu)
  2526 | D:3      | Noticed a kobold brigand
  2785 | D:3      | XOM: god gift: 25 gold pieces
  2817 | D:3      | Killed by an exploding bat... ignited by their inner flame

Illustrated notes

Levels and vault maps discovered:
D:1:      erik_arrival_triangle_medium, layout_loops_ring
D:2:      layout_loops_corners
D:3:      layout_loops_ring, overflow_temple_1_default,
          ebering_ecumenical_altar_abandoned, gammafunk_ghost_nasty_kobolds,
          kennysheep_small_spiral

Skill      XL: |  1  2  3  4 |
---------------+-------------+-----
Unarmed Combat | 4 5 |  5.2
Fighting       | |  2.6
Armour         | |  1.5
Dodging        | |  0.7

Action                   |  1- 3 |  4- 6 || total
-------------------------+-------+-------++-------
Melee: Unarmed           |    65 |     5 ||    70
       Bite              |    15 |     1 ||    16
       Punch             |     1 |       ||     1
 Fire: Hunting sling     |    36 |    40 ||    76
  Use: Scroll            |       |     7 ||     7
Armor: Leather armour    |    43 |     7 ||    50
Dodge: Dodged            |    54 |    24 ||    78

Table legend: (Time is in decaauts)
 A = Elapsed time spent in this place.
 B = Non-inter-level travel time spent in this place.
 C = Inter-level travel time spent in this place.
 D = Time resting spent in this place.
 E = Time spent auto-exploring this place.
 F = Levels seen in this place.
 G = Mean time per level.
                   A        B        C        D        E       F      G
               +--------+--------+--------+--------+--------+-----+--------+
         Total |   2808 |   2655 |    153 |    529 |   1567 |   3 |  936.0 |
       Dungeon |   2808 |   2655 |    153 |    529 |   1567 |   3 |  936.0 |
               +--------+--------+--------+--------+--------+-----+--------+

Top non-repeatable levels by time:
     D:2: 1382 daAuts
     D:1: 1155 daAuts
     D:3: 270 daAuts
